 Dungeon Crawl Stone Soup version 0.17.1-1-g73c8601 (webtiles) character file.

674 Sephir the Ruffian (level 7, -2/102 HPs)
             Began as a Troll Monk on Dec 19, 2015.
             Was an Initiate of Qazlal.
             Slain by a giant frog zombie (5 damage)
             ... on level 6 of the Dungeon.
             The game lasted 00:47:03 (4311 turns).

Sephir the Ruffian (Troll Monk)                     Turns: 4311, Time: 00:47:04

Health: -2/102     AC:  6    Str: 25      XL:     7   Next: 33%
Magic:  6/6        EV: 12    Int:  4 (6)  God:    Qazlal [......]
Gold:   230        SH:  0    Dex: 14      Spells: 0 memorised, 6 levels left

rFire  . . .     SeeInvis .       - Unarmed
rCold  . . .     Clarity  .     k - +0 robe
rNeg   . . .     SustAt   .     (no shield)
rPois  .         Gourm    +     (helmet restricted)
rElec  .         Spirit   .     p - +0 cloak
rCorr  .         Warding  .     (gloves unavailable)
rMut   .         Stasis   .     (boots unavailable)
MR     ++...                    (no amulet)
Stlth  ..........               q - ring of protection from magic
                                z - ring of protection from magic

@: berserking, flying, very quick, very resistant to hostile enchantments,
extremely unstealthy
A: unfitting armour, claws 3, fast metabolism 3, gourmand, regeneration 2,
shaggy fur 1, tough skin 2
a: Renounce Religion


You were on level 6 of the Dungeon.
You worshipped Qazlal.
Qazlal was noncommittal.
You were full.

You visited 2 branches of the dungeon, and saw 7 of its levels.
You also visited: Sewer.

You collected 230 gold pieces.

Inventory:

Hand Weapons
 f - a +0 dagger
 g - a +0 club
 h - a cursed +0 dagger
 m - a +0 short sword
Missiles
 d - 59 arrows
 e - 13 poisoned needles
 j - 38 bolts
Armour
 a - a +0 robe
 c - a +0 pair of gloves
 k - a +0 robe (worn)
 l - a +0 ring mail
 p - a +0 cloak (worn)
 t - a +0 robe
 y - a +0 robe
Jewellery
 o - an uncursed ring of stealth
 q - a ring of protection from magic (right claw)
 z - a ring of protection from magic (left claw)
Wands
 v - a wand of fireball (2)
Scrolls
 b - 2 scrolls of remove curse
 s - a scroll of magic mapping
 u - 5 scrolls of identify
 B - a scroll of amnesia {unknown}
Potions
 i - a potion of flight
 n - a potion of poison {unknown}
 r - a potion of degeneration
Comestibles
 x - a meat ration


   Skills:
 + Level 3.8 Fighting
 + Level 5.1 Dodging
 + Level 2.1 Stealth
 + Level 5.5 Unarmed Combat


You had 6 spell levels left.
You didn't know any spells.

Dungeon Overview and Level Annotations

Branches:
Dungeon (6/15)             Temple (1/1) D:4

Altars:
Elyvilon
Gozag
Kikubaaqudgha
Okawaru
Qazlal
Ru
Sif Muna
Trog
Vehumet
Xom
Yredelemnul
Zin
The Shining One


Innate Abilities, Weirdness & Mutations

You are too large for most types of armour.
You have claws for hands.
Your metabolism is lightning-fast.
You like to eat raw meat.
You heal very quickly.
You are covered in fur (AC +1).
You have very tough skin (AC +2).


Message History

* * * LOW HITPOINT WARNING * * *
The giant frog zombie completely misses you.
You claw the orc wizard!
The orc wizard is almost dead.
The orc misses you.
The giant frog zombie closely misses you.
The orc wizard barely misses you.
You claw the orc wizard!
You kill the orc wizard!
Qazlal accepts your kill.
You mangle the orc!!
You kill the orc!
Qazlal accepts your kill. The giant frog zombie hits you.
* * * LOW HITPOINT WARNING * * *
The giant frog zombie closely misses you.
Things that are here:
a dagger; a robe; an orc corpse You claw the giant frog zombie!
The giant frog zombie hits you.
You die...

###. ..#
..............#
.............##
####...........#
...............#
...............#
......%........#
.......#.......#
.......#.......#
.......@Z......#
......)))......#
.................
.................
.................
.................
.....###...######
###.. #...# ...
....#


You could see a giant frog zombie.

Vanquished Creatures
  An ogre (D:4)
  A centaur (D:6)
  A big kobold (Sewer)
  2 crimson imps (D:5)
  6 orc wizards
  A gnoll (D:1)
  8 adders
  3 river rats
  An adder zombie (D:5)
  A worm (D:3)
  4 giant geckos
  11 orcs
  8 goblins
  4 hobgoblins (D:1)
  3 bats (D:1)
  4 giant cockroaches
  7 giant newts
  7 jackals
  10 kobolds
  A quokka (D:2)
  23 rats
  4 fungi
  A plant (D:1)
112 creatures vanquished.

Notes
Turn   | Place    | Note
--------------------------------------------------------------
     0 | D:1      | Sephir the Troll Monk began the quest for the Orb.
     0 | D:1      | Reached XP level 1. HP: 22/22 MP: 0/0
   287 | D:1      | Reached XP level 2. HP: 29/29 MP: 1/1
   873 | D:1      | Reached XP level 3. HP: 24/36 MP: 2/2
   973 | D:1      | You fall through a shaft!
  1096 | D:2      | Found a faded altar to an unknown god.
  1115 | D:2      | Became a worshipper of Sif Muna the Loreminder
  1115 | D:2      | Reached * piety under Sif Muna
  1115 | D:2      | Reached ** piety under Sif Muna
  1319 | D:2      | Found a radiant altar of Vehumet.
  1594 | D:3      | Reached XP level 4. HP: 34/44 MP: 3/3
  2148 | D:3      | Found a glowing drain.
  2153 | Sewer    | Entered a sewer
  2235 | Sewer    | Noticed a big kobold
  2239 | Sewer    | Reached XP level 5. HP: 30/53 MP: 4/4
  2267 | Sewer    | Killed a big kobold
  2312 | Sewer    | Found a white marble altar of Elyvilon.
  2702 | D:4      | Found a staircase to the Ecumenical Temple.
  2717 | Temple   | Entered the Ecumenical Temple
  2980 | D:4      | Found a white marble altar of Elyvilon.
  3015 | D:4      | Noticed an ogre
  3025 | D:4      | Killed an ogre
  3025 | D:4      | Reached skill level 5 in Unarmed Combat
  3025 | D:4      | Reached XP level 6. HP: 61/61 MP: 5/5
  3417 | D:5      | Entered Level 5 of the Dungeon
  3884 | D:5      | Found a stormy altar of Qazlal.
  3892 | D:5      | Fell from the grace of Sif Muna
  3892 | D:5      | Became a worshipper of Qazlal Stormbringer
  4257 | D:6      | Reached XP level 7. HP: 21/68 MP: 6/6
  4305 | D:6      | Reached skill level 5 in Dodging
  4305 | D:6      | HP: 2/68 [giant frog zombie (3)]
  4311 | D:6      | Slain by a giant frog zombie

Action                   |  1- 3 |  4- 6 |  7- 9 || total
-------------------------+-------+-------+-------++-------
Melee: Unarmed           |   149 |   207 |    22 ||   378
  Use: Scroll            |     1 |     6 |     1 ||     8
       Potion            |     1 |     6 |     4 ||    11
 Stab: Sleeping          |     6 |     3 |       ||     9
  Eat: Bread ration      |     2 |     2 |       ||     4
       Royal jelly       |     1 |       |       ||     1
       Fruit             |     3 |       |       ||     3
       Chunk             |     1 |    19 |       ||    20
